 Dungeon Crawl Stone Soup version 0.26-a0-597-gb535b0901c (webtiles) character file.

Game seed: 11115009157536372149

70 Alarkh the Insei (level 4, 33/33 HPs)
             Began as a Demonspawn Transmuter on Aug 31, 2020.
             Got out of the dungeon alive.
             The game lasted 00:02:34 (1486 turns).

Alarkh the Insei (Demonspawn Transmuter)            Turns: 1486, Time: 00:02:35

Health: 33/33      AC:  4    Str: 10    XL:     4   Next: 3%
Magic:  7/7        EV: 12    Int: 15    God:
Gold:   113        SH:  0    Dex: 14    Spells: 2/8 levels left

rFire    . . .     SeeInvis .     - Unarmed
rCold    . . .     Faith    .   (no shield)
rNeg     . . .     Spirit   .   a - +0 robe
rPois    .         Reflect  .   (no helmet)
rElec    .         Harm     .   (no cloak)
rCorr    .                      (no gloves)
MR       .....                  (no boots)
Stlth    +.........             (no amulet)
HPRegen  0.11/turn              (no ring)
MPRegen  0.10/turn              (no ring)

@: no status effects
A: hooves 1, molten scales 1
a: no special abilities


You escaped.
You visited 1 branch of the dungeon, and saw 2 of its levels.

You collected 113 gold pieces.

Inventory:

Armour
 a - a +0 robe (worn)
Scrolls
 b - a scroll of immolation {unknown}
 d - a scroll of teleportation {unknown}
 f - a scroll of enchant weapon {unknown}
 g - 4 scrolls of identify
Potions
 c - a potion of curing
 e - 2 potions of mutation
 h - a potion of berserk rage {unknown}
 i - a potion of lignification {unknown}
 j - a potion of flight {unknown}
 l - a potion of heal wounds {unknown}


   Skills:
 + Level 1.8 Fighting
 - Level 1.7 Dodging
 * Level 3.5 Unarmed Combat
 + Level 2.5 Spellcasting
 + Level 2.3 Transmutations


You had 2 spell levels left.
You knew the following spells:

 Your Spells              Type           Power        Failure   Level
a - Spider Form           Tmut/Pois      #.........   36%         3
b - Wereblood             Tmut           #.......     12%         2
c - Beastly Appendage     Tmut           #.....       9%          1

Your spell library contained the following spells:

 Spells                   Type           Power        Failure   Level
 Ice Form                 Ice/Tmut       #.......     78%         4
 Blade Hands              Tmut           #.........   92%         5


Dungeon Overview and Level Annotations

Branches:
Dungeon (2/15)

Altars:


Innate Abilities, Weirdness & Mutations

You have large cloven feet.
You are partially covered in molten scales. (AC +2)


Message History

No target in view!
No target in view!
No target in view!
No target in view!
No target in view!
No target in view!
No target in view!
No target in view!
No target in view!
No target in view!
There is a stone staircase leading up, spattered with blood here.
You climb upwards.
There is a stone staircase leading down here.
There is a large open door here.
There is a large open door here.
HP restored.
There is a large open door here.
There is a staircase leading out of the dungeon here.
Are you sure you want to leave the Dungeon?
This will make you lose the game!
You have escaped!

#.# #..# #.# #.##.#.....##..
#.####.#####.# #.##.#.###..#..
#............######.##...####....
######.########...#.####....#....
####.#........#...........#....
#....#.######...#.###.....#####
#.#...................#..## #
###..........>######.##....# #
.........######.@##..###.#.#
####.....## ###''###.# #.#.# ##
#......###§§....### #...# .#
#.#..#..##§≈§§§§#####..###### .#
#.##...###§§§§§.##..........## .#
#...#.## #.....§##......###... .#
###.#.# ###''###.####..# #### .#
##.#.# #..##..# #..# .# #....#
#''##..# #..#


There were no monsters in sight!

Vanquished Creatures
  Jessica (D:2)
  An ooze (D:2)
  2 worms
  2 dart slugs
  5 goblins
  3 hobgoblins
  5 kobolds
  A quokka (D:2)
  3 bats
  3 frilled lizards
  7 rats
33 creatures vanquished.

Notes
Turn   | Place    | Note
-------+----------+-------------------------------------------
     0 | D:1      | Alarkh the Demonspawn Transmuter began the quest for the
                  | Orb.
     0 | D:1      | Reached XP level 1. HP: 15/15 MP: 3/3
   324 | D:1      | Lost mutation: You have razor-sharp toenails. [demonic
                  | ancestry]
   324 | D:1      | Lost mutation: You have sharp toenails. [demonic ancestry]
   324 | D:1      | Gained mutation: You have large cloven feet. [demonic
                  | ancestry]
   324 | D:1      | Reached XP level 2. HP: 18/21 MP: 3/5
   349 | D:1      | Reached skill level 3 in Unarmed Combat
   599 | D:1      | Learned a level 2 spell: Wereblood
  1023 | D:2      | Noticed Jessica
  1104 | D:2      | Killed Jessica
  1104 | D:2      | Reached XP level 3. HP: 27/27 MP: 6/6
  1109 | D:2      | Learned a level 3 spell: Spider Form
  1400 | D:2      | Gained mutation: You are partially covered in molten
                  | scales. (AC +2) [demonic ancestry]
  1400 | D:2      | Reached XP level 4. HP: 24/33 MP: 3/7
  1486 | D:$      | Got out of the dungeon alive.

Illustrated notes

Levels and vault maps discovered:
D:1:      lightli_arrival_lavapool, layout_loops_ring,
          kennysheep_decorative_pillar
D:2:      minmay_evil_eye, layout_loops_cross, uniq_jessica

Skill      XL: |  1  2 |
---------------+-------+-----
Unarmed Combat | 3 |  3.5
Transmutations | 2 |  2.3
Fighting       | |  1.8
Dodging        | |  1.7
Spellcasting   | |  2.5

Action                   |  1- 3 |  4- 6 || total
-------------------------+-------+-------++-------
Melee: Unarmed           |    88 |     6 ||    94
       Kick              |    12 |       ||    12
       Headbutt          |     3 |       ||     3
 Cast: Beastly Appendage |     7 |       ||     7
       Wereblood         |     6 |       ||     6
       Spider Form       |     2 |       ||     2
  Use: Potion            |     1 |       ||     1
       Scroll            |     2 |       ||     2
Armor: Robe              |    13 |     1 ||    14
       Skin              |     1 |       ||     1
Dodge: Dodged            |    53 |     2 ||    55

Table legend: (Time is in decaauts)
 A = Elapsed time spent in this place.
 B = Non-inter-level travel time spent in this place.
 C = Inter-level travel time spent in this place.
 D = Time resting spent in this place.
 E = Time spent auto-exploring this place.
 F = Levels seen in this place.
 G = Mean time per level.
                   A        B        C        D        E       F      G
               +--------+--------+--------+--------+--------+-----+--------+
         Total |   1487 |   1397 |     90 |    232 |    898 |   2 |  743.5 |
       Dungeon |   1487 |   1397 |     90 |    232 |    898 |   2 |  743.5 |
               +--------+--------+--------+--------+--------+-----+--------+

Top non-repeatable levels by time:
     D:1: 871 daAuts
     D:2: 615 daAuts
